 Dungeon Crawl Stone Soup version 0.28.0-45-g0d030f2227 (webtiles) character file.

Game seed: 16805469034346701674

224147 Icepheonix32 the Severer (level 18, -14/127 (141) HPs)
             Began as a Demonspawn Fighter on Apr 11, 2022.
             Was a High Priest of Okawaru.
             Killed from afar by a hell knight (42 damage)
             ... with a bolt of fire
             ... on level 1 of the Vaults.
             The game lasted 01:52:58 (36121 turns).

Icepheonix32 the Severer (Demonspawn Fighter)      Turns: 36121, Time: 01:53:00

HP:   -14/127 (141) AC: 52    Str: 25      XL:     18   Next: 58%
MP:   0/41          EV: 11    Int: 10 (12) God:    Okawaru [*****.]
Gold: 1414          SH:  0    Dex: 23      Spells: 6/24 levels left

rFire   . . .      SeeInvis .   O - +2 war axe of Resourcefulness {protect, +Blink MP+9}
rCold   . . .      Faith    .   R - orb {mayhem}
rNeg    . . .      Spirit   +   d - +9 plate armour of Asceticism {Harm *Slow +Blink Dex+9}
rPois   .          Reflect  .   (helmet unavailable)
rElec   .          Harm     +   v - +2 cloak
rCorr   .          Rampage  .   k - +2 pair of gloves {infuse}
Will    +....                   r - +2 pair of boots
Stlth   ..........              B - amulet of regeneration
HPRegen 0.00/turn               e - +4 ring of protection
MPRegen 0.54/turn               S - +4 ring of protection

@: corroded, sanguine armoured, under a protective aura, inhibited regen,
studying Transmutations, drained, unable to read
A: horns 3, ignite blood 2, magic shield, magic regeneration, magic link,
sanguine armour 2, corrupting presence 1, clever 1, high MP 1, screaming 1,
inhibited regeneration, strong 1, inability to read while threatened
}: 1/15 runes: barnacled
a: Renounce Religion, Evoke Blink, Heroism, Finesse, Duel


You were on level 1 of the Vaults.
You worshipped Okawaru.
Okawaru was extremely pleased with you.
You visited 8 branches of the dungeon, and saw 31 of its levels.
You visited the Abyss 3 times.
You also visited: Trove and Sewer.

You collected 2805 gold pieces.
You spent 1391 gold pieces at shops.

Inventory:

Hand Weapons
 t - a +2 scimitar of flaming
 O - the +2 war axe of Resourcefulness (weapon) {protect, +Blink MP+9}
   (You found it on level 8 of the Dungeon)

   It grants its wielder temporary protection when it strikes (+7 to AC).
   MP:        It affects your magic capacity (+9).
   +Blink:    It lets you blink.
 X - a +7 hand axe
Missiles
 w - a throwing net
 C - 7 curare-tipped darts
 T - 13 silver javelins
 V - 36 boomerangs
 Z - 3 silver boomerangs (quivered)
Armour
 b - the +6 scale mail of Dyspraxia {rElec Int+5 SInv}
   (You found it on level 11 of the Dungeon)

   Int:       It affects your intelligence (+5).
   rElec:     It insulates you from electricity.
   SInv:      It lets you see invisible.
 d - the +9 plate armour of Asceticism (worn) {Harm *Slow +Blink Dex+9}
   (Okawaru gifted it to you on level 6 of the Lair of Beasts)

   Dex:       It affects your dexterity (+9).
   +Blink:    It lets you blink.
   *Slow:     It may slow you when you take damage.
   Harm:      It increases damage dealt and taken.
 g - a +1 kite shield of positive energy
 k - a +2 pair of gloves of infusion (worn)
 r - a +2 pair of boots (worn)
 v - a +2 cloak (worn)
 D - +0 fire dragon scales
 N - a +2 kite shield of fire resistance
 Q - a +4 chain mail of cold resistance
 R - an orb of mayhem (worn)
Jewellery
 e - a +4 ring of protection (left hand)
 h - a ring of willpower
 A - a ring of positive energy
 B - an amulet of regeneration (around neck)
 H - a ring of resist corrosion
 S - a +4 ring of protection (right hand)
Wands
 i - a wand of digging (5)
 l - a wand of flame (11)
 L - a wand of iceblast (26)
 M - a wand of paralysis (34)
 U - a wand of acid (2)
Scrolls
 m - 2 scrolls of fog
 s - a scroll of silence
 u - 4 scrolls of magic mapping
 x - 2 scrolls of teleportation
 y - a scroll of enchant weapon
 z - 2 scrolls of holy word
 G - 2 scrolls of immolation
 K - a scroll of enchant armour
 Y - 7 scrolls of blinking
Potions
 a - 9 potions of curing
 f - 6 potions of mutation
 j - 5 potions of magic
 n - a potion of might
 o - 4 potions of flight
 p - 6 potions of haste
 q - 2 potions of resistance
 E - 5 potions of lignification
 I - 5 potions of heal wounds
 J - 2 potions of cancellation
 P - 2 potions of brilliance
 W - 5 potions of ambrosia
Miscellaneous
 c - a tin of tremorstones (2/2)
 F - a phial of floods


   Skills:
 + Level 12.5 Fighting
 + Level 1.3(2.3) Short Blades
 + Level 3.0(3.2) Long Blades
 * Level 17.8(17.9) Axes
 - Level 3.4(12.1) Polearms
 + Level 5.0 Throwing
 * Level 14.7 Armour
 + Level 5.9 Dodging
 + Level 2.9 Stealth
 + Level 5.0 Shields
 * Level 3.5 Spellcasting
 * Level 8.8 Transmutations
 * Level 3.9 Poison Magic
 * Level 15.2 Invocations
 + Level 6.4 Evocations


You had 6 spell levels left.
You knew the following spells:

 Your Spells              Type           Power      Damage    Failure   Level
a - Wereblood             Tmut           19%        N/A       9%          2
b - Alistair's Intoxicat  Tmut/Pois      9%         N/A       99%         5
c - Eringya's Noxious Bo  Tmut/Pois      7%         N/A       100%        6
d - Ignite Poison         Fire/Tmut/Pois 10%        N/A       71%         3
e - Passwall              Tmut/Erth      8%         N/A       45%         2

Your spell library contained the following spells:

 Spells                   Type           Power      Damage    Failure   Level
 Beastly Appendage        Tmut           38%        N/A       5%          1
 Sting                    Tmut/Pois      56%        1d5       14%         1
 Spider Form              Tmut/Pois      14%        N/A       41%         3
 Poisonous Vapours        Pois/Air       10%        N/A       80%         2
 Blade Hands              Tmut           9%         N/A       83%         5
 Foxfire                  Conj/Fire      4%         2x1d4     90%         1
 Magic Dart               Conj           4%         1d3       90%         1
 Pain                     Necr           4%         1d4       90%         1
 Shock                    Conj/Air       4%         1d3       90%         1
 Blink                    Tloc           2%         N/A       97%         2
 Corpse Rot               Necr/Air       2%         N/A       97%         2
 Scorch                   Fire           2%         2d5       97%         2
 Ice Form                 Ice/Tmut       10%        N/A       97%         4
 Mephitic Cloud           Conj/Pois/Air  4%         N/A       98%         3
 Olgreb's Toxic Radiance  Pois           9%         N/A       98%         4
 Confusing Touch          Hex            1%         N/A       99%         3
 Conjure Flame            Conj/Fire      1%         6-21      99%         3
 Frozen Ramparts          Ice            2%         1d2       99%         3
 Inner Flame              Hex/Fire       1%         N/A       99%         3
 Portal Projectile        Hex/Tloc       2%         N/A       99%         3
 Vampiric Draining        Necr           1%         2d6       99%         3
 Dispel Undead            Necr           1%         3d6       100%        4
 Fulminant Prism          Conj/Hex       0%         3d6       100%        4
 Iskenderun's Mystic Bla  Conj/Tloc      1%         2d3       100%        4
 Agony                    Necr           1%         N/A       100%        5
 Excruciating Wounds      Necr           0%         N/A       100%        5
 Lee's Rapid Deconstruct  Erth           0%         3d5*      100%        5
 Manifold Assault         Tloc           1%         N/A       100%        5
 Yara's Violent Unravell  Hex/Tmut       5%         3d4       100%        5
 Conjure Ball Lightning   Conj/Air       0%         3x3d6     100%        6
 Starburst                Conj/Fire      0%         6d3       100%        6
 Statue Form              Tmut/Erth      6%         N/A       100%        6
 Enfeeble                 Hex            0%         N/A       100%        7
 Storm Form               Tmut/Air       5%         N/A       100%        7
 Ignition                 Fire           0%         3d3       100%        8
 Necromutation            Tmut/Necr      5%         N/A       100%        8
 Chain Lightning          Conj/Air       0%         2d1       100%        9
 Death's Door             Necr           0%         N/A       100%        9
 Animate Skeleton         Necr           Unusable   N/A       N/A         1
 Call Imp                 Summ           Unusable   N/A       N/A         2
 Summon Ice Beast         Ice/Summ       Unusable   N/A       N/A         4
 Infestation              Necr           Unusable   N/A       N/A         8

Dungeon Overview and Level Annotations

Branches:
Dungeon (15/15)            Temple (0/1) D:5            Lair (6/6) D:11
 Shoals (4/4) Lair:3        Snake (1/4) Lair:3        Slime (0/5) Lair:5
    Orc (2/2) D:10            Elf (1/3) Orc:2        Vaults (1/5) D:14
 Depths (1/4) D:15          Sewer (visited)

Altars:
Gozag
Hepliaklqana
Makhleb
Okawaru
Uskayaw
The Shining One
Beogh
Jiyva

Shops:
D:2 *   D:5 *   D:7 *   Orc:2 (::(   Depths:1 (

Portals:
Hell: Depths:1
Pandemonium: Depths:1


Innate Abilities, Weirdness & Mutations

You have a pair of large horns on your head.
Your demonic aura often causes spilled blood to erupt in flames.
When hurt, damage is shared between your health and your magic reserves.
You regenerate magic rapidly.
When low on magic, you restore magic in place of health.
When seriously injured, your blood forms thick armour. (AC +9)
Your presence sometimes corrodes those you injure.
Your mind is acute. (Int +2)
You have an increased reservoir of magic. (+10% MP)
You occasionally shout uncontrollably at your foes.
You do not regenerate when monsters are visible.
Your muscles are strong. (Str +2)
You sometimes lose the ability to read scrolls when taking damage.


Message History

That felt strangely unrewarding.
The starspawn's tentacles wither and die.
The substance of the Abyss twists violently, and a gateway leading out appears!
There is a gateway leading out of the Abyss here.
Press: ? - help, v - describe, . - travel A gateway leading out of the Abyss.
There is a cloud of translocational energy here.
You pass through the gate.
Welcome back to the Vaults!
The hell knight hits you but does no damage.
You feel drained.
The entropy weaver gestures at you while chanting.
The entropic weave corrodes you!
The hell knight hits you with a +4 scimitar of draining!
You feel threatened and lose the ability to read scrolls!
You feel drained.
The hell knight gestures wildly while chanting.
The hell knight seems to speed up.
The hell knight gestures wildly while chanting.
The hell knight seems to speed up.
Unknown command.
Unknown command.
You slash the hell knight!
Your corrupting presence corrodes the hell knight!
The hell knight is lightly wounded.
The entropy weaver casts a spell at you.
The entropic weave corrodes you!
Unknown command.
The hell knight gestures wildly while chanting.
The hell knight blinks!
The hell knight hits you but does no damage.
You feel drained.
Unknown command.
The hell knight gestures at you while chanting.
The bolt of fire hits you!!
* * * LOW HITPOINT WARNING * * *
The hell knight gestures at you while chanting.
The bolt of fire hits the hell knight.
The hell knight completely resists.
The bolt of fire hits you!!!
You die...

##########
#........# #######
#........# #.$....
#........# #......
#........# #......
#.....∩..# +....§.
#........#
#......#########'###
#.....s[pp@.###....#
########p.p.#......#
####.#.#....#
##....#....#
#..#########
#.##...##.#
#.#.....#.#
#.'..⌠..'.#
#.#.....#.#


You could see 4 hell knights and a redback.

Vanquished Creatures
  Mara (Arena)
  Nikola (Arena)
  2 bone dragons
  Rupert (Lair:4)
  Jorgrun (D:12)
  A kraken (Shoals:3)
  4 tentacled starspawn
  A fire giant (Depths:1)
  The ghost of Iwoqis the Warrior, a journeyman MiBe of Trog (D:12)
  2 frost giants (Depths:1)
  A reaper (Depths:1)
  2 stone giants (Depths:1)
  Nessos (Lair:4)
  2 deep elf demonologists
  A juggernaut skeleton (Depths:1)
  An entropy weaver (Abyss:3)
  An ettin (Depths:1)
  5 merfolk javelineers
  6 fire dragons
  An eidolon (Depths:1)
  12 merfolk impalers
  2 great orbs of eyes
  The ghost of Soldner the Basher, a journeyman GrBe of Trog (Orc:2)
  Erolcha (D:12)
  7 hydras
  2 vault guards (D:14)
  An ice dragon (Depths:1)
  4 rakshasas
  A spriggan air mage (Depths:1)
  2 catoblepae
  2 ghost crabs (Depths:1)
  3 ogre magi (Depths:1)
  An alligator snapping turtle (Shoals:4)
  7 merfolk aquamancers
  7 centaur warriors
  2 merfolk avatars
  A dancing weapon (Elf:1)
  A death knight (Abyss:3)
  4 two-headed ogres
  A satyr (Shoals:2)
  A spriggan berserker (Depths:1)
  8 hell hogs
  5 death yaks
  6 tengu warriors
  3 orc high priests (Orc:2)
  2 hell knights (Vaults:1)
  A thrashing horror (Abyss:2)
  Sonja (D:12)
  2 shock serpents (Depths:1)
  A wretched star (Abyss:2)
  A soul eater (Depths:1)
  The ghost of Soldner the Cleaver, a novice HOFi of Okawaru (D:7)
  A shadow wraith (Abyss:3)
  4 skeletal warriors (D:15)
  A fire crab (Depths:1)
  2 spatial maelstroms (Abyss:2)
  A death drake (Depths:1)
  12 starcursed masses
  A glowing orange brain (Abyss:3)
  10 sea snakes
  A swamp dragon (Abyss:3)
  2 deep elf archers (Elf:1)
  6 wizards
  7 harpies
  4 necromancers
  3 lindwurms
  2 spriggan simulacra
  10 orc knights
  4 ugly things
  2 deep elf zephyrmancers
  A lindwurm (shapeshifter) (Depths:1)
  7 deep elf pyromancers
  2 mana vipers (Depths:1)
  A shadow dragon skeleton (Depths:1)
  2 wolf spiders
  A stone giant zombie (Depths:1)
  7 manticores
  A salamander (D:15)
  2 cyclopes (Shoals:1)
  2 orc sorcerers
  6 fauns
  13 elephants
  A fire giant skeleton (Depths:1)
  3 naga magi (Depths:1)
  14 black mambas
  A guardian serpent (Abyss:3)
  5 molten gargoyles
  An apocalypse crab (Abyss:3)
  3 water nymphs
  2 rust devils
  4 merfolk sirens
  3 gargoyles
  2 orange demons
  3 smoke demons (Abyss:2)
  12 cane toads
  3 efreet
  A yaktaur (shapeshifter) (D:13)
  A spriggan zombie (Depths:1)
  13 komodo dragons
  A rime drake (Lair:2)
  4 tengu conjurers
  4 hellwings (Abyss:2)
  A guardian mummy (D:11)
  A red devil (Abyss:3)
  A spriggan skeleton (Depths:1)
  27 merfolk
  4 ancient zymes (Abyss:2)
  8 wind drakes
  4 trolls
  4 hornets
  A polar bear (Lair:6)
  A shadow dragon simulacrum (Depths:1)
  8 raiju (Abyss:2)
  10 blink frogs
  9 slime creatures
  11 large abominations
  4 snapping turtles
  4 dream sheep (Shoals:1)
  A vampire (Abyss:2)
  3 wyverns
  15 flying skulls
  2 air elementals (Depths:1)
  A shadow (D:12)
  2 ynoxinuls (Abyss:2)
  2 wraiths
  Sigmund (D:3)
  2 fire elementals (Depths:1)
  2 spriggans (Depths:1)
  19 water elementals
  16 humans (D:14)
  5 basilisks
  4 neqoxecs (Abyss:2)
  68 yaks
  A hog (Depths:1)
  2 steam dragons (Lair:6)
  11 vampire mosquitoes
  2 redbacks (Depths:1)
  A spatial vortex (Abyss:2)
  2 wargs (Orc:1)
  A naga zombie (Abyss:2)
  An acid dragon (D:12)
  16 water moccasins
  4 hell hounds
  2 sky beasts
  2 ice beasts
  7 black bears
  29 orc warriors
  A necrophage (D:5)
  7 ogres
  15 centaurs
  4 wolves (Lair:1)
  2 phantoms (D:6)
  4 kobold brigands
  8 bullfrogs
  A gnoll sergeant (D:9)
  A scorpion (D:5)
  A glowing shapeshifter simulacrum (Depths:1)
  2 earth elementals
  12 small abominations
  A hornet simulacrum (D:7)
  23 killer bees
  13 wights
  A vampire bat (Depths:1)
  5 lava snakes
  A bullfrog zombie (D:6)
  A crimson imp (Abyss:2)
  2 quasits (Abyss:2)
  7 centaur zombies
  15 orc priests
  Crazy Yiuf (D:4)
  2 jellies
  A gnoll shaman (D:6)
  2 hounds
  3 centaur skeletons
  2 iron imps (Abyss:2)
  Natasha (thrice) (D:4)
  2 iguanas (D:6)
  18 orc wizards
  4 lightning spires (Depths:1)
  3 killer bee zombies
  2 howler monkey zombies
  Robin (D:4)
  9 gnolls
  5 adders
  3 river rats (Sewer)
  A white imp (Abyss:2)
  2 ufetubi
  An adder zombie (D:5)
  2 dart slugs
  59 orcs
  6 bats
  6 endoplasms
  9 giant cockroaches
  12 goblins
  11 hobgoblins
  17 jackals
  3 quokkas
  5 ball pythons
  4 frilled lizards (D:1)
  20 kobolds
  12 rats
  A bush (D:5)
  A lurking horror (Abyss:2)
  A starspawn tentacle (Abyss:2)
  3 tentacles (Shoals:3)
1015 creatures vanquished.

Vanquished Creatures (collateral kills)
  A merfolk javelineer (Shoals:2)
  An alligator snapping turtle (Shoals:4)
  An ogre mage (Depths:1)
  7 death yaks
  An orc high priest (Orc:2)
  A shock serpent (Depths:1)
  A sixfirhy (Depths:1)
  A fire crab (shapeshifter) (Depths:1)
  2 orc knights (Orc:2)
  An orc sorcerer (Orc:2)
  A moth of wrath (shapeshifter) (D:15)
  3 fauns (Shoals:1)
  A manticore (Shoals:3)
  A sphinx skeleton (Depths:1)
  A merfolk siren (Shoals:1)
  2 torpor snails (Lair:6)
  A smoke demon (Abyss:2)
  3 cane toads
  2 komodo dragons (Lair:6)
  A merfolk (Shoals:2)
  A wind drake (Shoals:2)
  A snapping turtle (Shoals:3)
  3 slime creatures (D:12)
  A blink frog (Lair:5)
  2 raiju
  2 dream sheep (Shoals:1)
  A flying skull (Abyss:2)
  7 yaks
  A human (D:14)
  2 vampire mosquitoes (D:12)
  A spatial vortex (Abyss:2)
  A water moccasin (Lair:6)
  A hell hound (Lair:6)
  6 orc warriors
  A black bear (Lair:1)
  A sky beast (Depths:1)
  2 wolves (Lair:1)
  A quasit (Abyss:3)
  11 orc priests (Orc:2)
  A small abomination (Depths:1)
  A white imp (Abyss:2)
  16 orcs
  A starspawn tentacle (Abyss:3)
98 creatures vanquished.

Vanquished Creatures (others)
  A hydra (D:15)
  A ghost crab (Depths:1)
  A death yak (Lair:5)
  An orc high priest (Orc:2)
  A wizard (D:14)
  A necromancer (Depths:1)
  A tengu skeleton (Depths:1)
  A komodo dragon (Lair:6)
  A wind drake (Shoals:3)
  A hornet (Depths:1)
  A flying skull (Abyss:2)
  A human (D:14)
  A redback (Depths:1)
  A hell hound (Lair:6)
  3 orc warriors (Orc:2)
  A centaur (D:13)
  2 orc priests
  A shadow imp (Abyss:2)
  3 orcs (Orc:2)
  A ball lightning (Depths:1)
  12 bushes
  19 demonic plants (Abyss:2)
  22 fungi
  3 lurking horrors (Abyss:2)
  169 plants
  6 starspawn tentacles
  11 tentacles (Shoals:3)
267 creatures vanquished.

Grand Total: 1380 creatures vanquished

Notes
Turn   | Place    | Note
-------+----------+-------------------------------------------
     0 | D:1      | Icepheonix32 the Demonspawn Fighter began the quest for the
                  | Orb.
     0 | D:1      | Reached XP level 1. HP: 18/18 MP: 1/1
   324 | D:1      | Gained mutation: You regenerate magic rapidly. [demonic
                  | ancestry]
   324 | D:1      | Reached XP level 2. HP: 24/24 MP: 2/2
   895 | D:1      | Gained mutation: When hurt, damage is shared between your
                  | health and your magic reserves. [demonic ancestry]
   895 | D:1      | Reached XP level 3. HP: 26/29 MP: 3/3
  1111 | D:2      | Found a faded altar of an unknown god.
  1188 | D:2      | Found a burning altar of Makhleb.
  1445 | D:2      | Found Emaem's General Store.
  1460 | D:2      | Bought a potion of curing for 42 gold pieces
  2140 | D:3      | Noticed Sigmund
  2146 | D:3      | Killed Sigmund
  2147 | D:3      | Reached XP level 4. HP: 31/37 MP: 2/4
  2147 | D:3      | Gained mutation: When seriously injured, your blood forms
                  | armour. (AC +9) [demonic ancestry]
  2147 | D:3      | Reached XP level 5. HP: 35/42 MP: 2/5
  2385 | D:3      | Found an iron altar of Okawaru.
  2393 | D:3      | Became a worshipper of Warmaster Okawaru
  2424 | D:3      | Found a burning altar of Makhleb.
  2642 | D:3      | Reached skill level 1 in Dodging
  2642 | D:3      | Gained mutation: You have a pair of small horns on your
                  | head. [demonic ancestry]
  2642 | D:3      | Reached XP level 6. HP: 35/48 MP: 4/6
  2665 | D:3      | Identified the +0 robe of Wu Jian's Regard {Rampage rN+
                  | Dex-4}
  2685 | D:3      | Reached skill level 5 in Armour
  3372 | D:3      | Gained mutation: You have hidden genetic potential. [potion
                  | of mutation]
  3736 | D:4      | Noticed Natasha
  3743 | D:4      | Killed Natasha
  3787 | D:4      | Reached * piety under Okawaru
  3808 | D:4      | Noticed Robin
  3838 | D:4      | Killed Robin
  3867 | D:4      | Gained mutation: Your demonic aura sometimes causes spilled
                  | blood to erupt in flames. [demonic ancestry]
  3867 | D:4      | Reached XP level 7. HP: 27/48 MP: 7/7
  3910 | D:4      | Found a glowing drain.
  3931 | Sewer    | Entered a sewer
  4148 | Sewer    | Reached skill level 1 in Short Blades
  4148 | Sewer    | Reached skill level 1 in Invocations
  4173 | Sewer    | Gained mutation: You have great hidden genetic potential.
                  | [hidden potential]
  4484 | D:4      | Noticed Natasha
  4496 | D:4      | Killed Natasha
  4521 | D:4      | Noticed Natasha
  4540 | D:4      | Killed Natasha
  4718 | D:4      | Found a hazy altar of Hepliaklqana.
  4819 | D:4      | Found a runed translucent door.
  4820 | D:4      | Noticed Crazy Yiuf
  4991 | D:4      | Killed Crazy Yiuf
  5034 | D:5      | Entered Level 5 of the Dungeon
  5142 | D:5      | Reached ** piety under Okawaru
  5143 | D:5      | Reached XP level 8. HP: 43/61 MP: 6/10
  5237 | D:5      | Found a staircase to the Ecumenical Temple.
  5340 | D:5      | Found an opulent altar of Gozag.
  5343 | D:5      | Found Gozag's Platinum Reserve.
  5428 | D:5      | Gained mutation: You have an increased reservoir of magic.
                  | (+10% MP) [hidden potential]
  5428 | D:5      | Lost mutation: You have great hidden genetic potential.
                  | [hidden potential expressed]
  5482 | D:5      | Reached skill level 1 in Polearms
  5729 | D:5      | Reached skill level 5 in Fighting
  6483 | D:6      | Reached *** piety under Okawaru
  6716 | D:6      | Reached skill level 5 in Invocations
  6757 | D:6      | Gained mutation: When seriously injured, your blood forms
                  | thick armour. (AC +9) [demonic ancestry]
  6757 | D:6      | Reached XP level 9. HP: 59/68 MP: 12/14
  6968 | D:6      | Gained mutation: Your muscles are strong. (Str +2) [hidden
                  | potential]
  7344 | D:7      | Found Qaoschet's Gadget Gallery.
  7541 | D:7      | Found a runed translucent gate.
  7541 | D:7      | Found a runed translucent gate.
  7541 | D:7      | Found a runed translucent gate.
  7547 | D:7      | Noticed Soldner's ghost (novice HOFi)
  8140 | D:7      | Reached **** piety under Okawaru
  8511 | D:8      | Identified the +5 scimitar "Gufufy" {freeze, rF- rC+ Str+6}
  8700 | D:8      | Identified the +2 war axe of Resourcefulness {protect,
                  | +Blink MP+9}
  8750 | D:8      | Reached skill level 10 in Armour
  9319 | D:9      | Gained mutation: You have a pair of horns on your head.
                  | [demonic ancestry]
  9319 | D:9      | Reached XP level 10. HP: 50/69 MP: 15/15
  9464 | D:9      | Gained mutation: Your mind is acute. (Int +2) [hidden
                  | potential]
  9464 | D:9      | Lost mutation: You have hidden genetic potential. [hidden
                  | potential expressed]
  9787 | D:9      | Reached ***** piety under Okawaru
  9857 | D:9      | Reached skill level 1 in Axes
  9933 | D:9      | Reached skill level 2 in Axes
 10143 | D:10     | Entered Level 10 of the Dungeon
 10158 | D:10     | Paralysed by a hornet for 1 turns
 10180 | D:10     | Reached skill level 3 in Axes
 10248 | D:10     | Found a staircase to the Orcish Mines.
 10258 | D:10     | Reached skill level 4 in Axes
 10305 | Orc:1    | Entered Level 1 of the Orcish Mines
 10322 | Orc:1    | Identified the +0 chain mail "Vuomos" {Fly rN+} (Okawaru
                  | gifted it to you on level 1 of the Orcish Mines)
 10322 | Orc:1    | Received a gift from Okawaru
 10617 | Orc:2    | Entered Level 2 of the Orcish Mines
 10685 | Orc:2    | Reached skill level 1 in Throwing
 10754 | Orc:2    | Noticed a two-headed ogre
 10770 | Orc:2    | Killed a two-headed ogre
 10771 | Orc:2    | Reached skill level 5 in Axes
 10771 | Orc:2    | Reached XP level 11. HP: 76/81 MP: 17/17
 10783 | Orc:2    | Found a staircase to the Elven Halls.
 10838 | Orc:2    | Noticed an orc knight
 10854 | Orc:2    | Reached skill level 1 in Evocations
 10860 | Orc:2    | Killed an orc sorcerer
 10861 | Orc:2    | Reached skill level 6 in Axes
 10863 | Orc:2    | Killed an orc high priest
 10865 | Orc:2    | Killed an orc knight
 10876 | Orc:2    | Killed an orc knight
 10936 | Orc:2    | Noticed Soldner's ghost (journeyman GrBe)
 10939 | Orc:2    | Found a runed translucent gate.
 10940 | Orc:2    | Found a runed translucent gate.
 10940 | Orc:2    | Noticed an orc knight
 10941 | Orc:2    | Found a runed translucent gate.
 10942 | Orc:2    | Noticed an orc knight
 10950 | Orc:2    | Noticed an orc knight
 10951 | Orc:2    | Noticed an orc knight
 10953 | Orc:2    | Identified the +5 rapier of Burning Punishment {speed,
                  | Dex+4}
 11105 | Orc:2    | Noticed an orc high priest
 11123 | Orc:2    | Reached skill level 7 in Axes
 11123 | Orc:2    | Noticed an orc knight
 11125 | Orc:2    | Killed an orc high priest
 11132 | Orc:2    | Noticed an orc high priest
 11132 | Orc:2    | Noticed an orc knight
 11133 | Orc:2    | Noticed an orc high priest
 11133 | Orc:2    | Noticed an orc knight
 11134 | Orc:2    | Noticed an orc high priest
 11136 | Orc:2    | Noticed a sixfirhy
 11136 | Orc:2    | Noticed an orc knight
 11137 | Orc:2    | Noticed a sixfirhy
 11445 | D:10     | Found a hide-covered altar of Uskayaw.
 12014 | D:11     | Reached skill level 1 in Stealth
 12089 | D:11     | You fall into a shaft and drop 3 floors!
 12106 | D:14     | Noticed a centaur warrior
 12118 | D:14     | Killed a centaur warrior
 12118 | D:14     | Received a gift from Okawaru
 12134 | D:14     | Noticed a centaur warrior
 12142 | D:14     | Killed a centaur warrior
 12142 | D:14     | Reached ****** piety under Okawaru
 12143 | D:14     | Reached skill level 8 in Axes
 12144 | D:14     | Received a gift from Okawaru
 12189 | D:14     | Noticed a centaur warrior
 12199 | D:14     | Killed a centaur warrior
 12302 | D:14     | Gained mutation: When low on magic, you restore magic in
                  | place of health. [demonic ancestry]
 12302 | D:14     | Reached XP level 12. HP: 82/89 MP: 19/19
 12520 | D:12     | Noticed Sonja
 12521 | D:12     | Killed Sonja
 12646 | D:12     | Reached skill level 9 in Axes
 12704 | D:12     | Received a gift from Okawaru
 12854 | D:12     | Noticed a two-headed ogre
 12860 | D:12     | Killed a two-headed ogre
 12904 | D:11     | Noticed a two-headed ogre
 12909 | D:11     | Killed a two-headed ogre
 13022 | D:11     | Identified the +6 scale mail of Dyspraxia {rElec Int+5
                  | SInv}
 13137 | D:11     | Found a portal to a secret trove of treasure.
 13358 | D:2      | Bought a potion of resistance for 140 gold pieces
 13358 | D:2      | Bought a scroll of blinking for 105 gold pieces
 13663 | D:11     | Found a staircase to the Lair.
 13690 | Lair:1   | Entered Level 1 of the Lair of Beasts
 13690 | Lair:1   | Noticed a seven-headed hydra
 13698 | D:11     | Killed a five-headed hydra
 13699 | D:11     | Reached skill level 10 in Axes
 13891 | Lair:1   | Reached skill level 5 in Evocations
 14080 | Lair:1   | Identified the +0 robe of Repulsion {Int+5} (Okawaru gifted
                  | it to you on level 1 of the Lair of Beasts)
 14080 | Lair:1   | Received a gift from Okawaru
 14377 | Lair:1   | Gained mutation: Your presence sometimes corrodes those you
                  | injure. [demonic ancestry]
 14377 | Lair:1   | Reached XP level 13. HP: 79/96 MP: 21/21
 14389 | Lair:1   | Reached skill level 11 in Axes
 14402 | Lair:1   | Learned a level 2 spell: Wereblood
 14883 | Lair:2   | Reached skill level 1 in Transmutations
 15312 | Lair:3   | Found a staircase to the Snake Pit.
 15565 | Lair:3   | Found a staircase to the Shoals.
 15666 | Lair:3   | Reached skill level 12 in Axes
 16104 | Lair:4   | Noticed Nessos
 16121 | Lair:4   | Killed Nessos
 16121 | Lair:4   | Identified the +10 shortbow of the Dead {vorpal, Int+7}
                  | (Okawaru gifted it to you on level 4 of the Lair of Beasts)
 16121 | Lair:4   | Received a gift from Okawaru
 16334 | Lair:4   | Noticed Rupert
 16342 | Lair:4   | Reached skill level 10 in Invocations
 16346 | Lair:4   | Paralysed by Rupert for 5 turns
 16367 | Lair:4   | Killed Rupert
 17154 | Lair:5   | Found a viscous altar of Jiyva.
 17155 | Lair:5   | Found a staircase to the Slime Pits.
 17178 | Lair:5   | Received a gift from Okawaru
 17256 | Lair:5   | Reached skill level 13 in Axes
 17547 | Lair:5   | Reached XP level 14. HP: 75/105 MP: 23/23
 18070 | Lair:6   | Entered Level 6 of the Lair of Beasts
 18109 | Lair:6   | Reached skill level 5 in Transmutations
 18225 | Lair:6   | Identified the +9 plate armour of Asceticism {Harm *Slow
                  | +Blink Dex+9} (Okawaru gifted it to you on level 6 of the
                  | Lair of Beasts)
 18225 | Lair:6   | Received a gift from Okawaru
 18388 | Lair:6   | Reached skill level 14 in Axes
 19366 | Lair:6   | Found a large runed translucent door.
 19367 | Lair:6   | Found a large runed translucent door.
 19725 | Orc:2    | Paralysed by an orc sorcerer for 5 turns
 20038 | Orc:2    | Received a gift from Okawaru
 20108 | Orc:2    | Gained mutation: Your demonic aura often causes spilled
                  | blood to erupt in flames. [demonic ancestry]
 20108 | Orc:2    | Reached XP level 15. HP: 98/112 MP: 26/26
 20136 | Orc:2    | Found Keoschiro's Book Shoppe.
 20139 | Orc:2    | Found Riwiudig's Book Emporium.
 20140 | Orc:2    | Found Ofych's Antique Weapon Shoppe.
 20140 | Orc:2    | Found Ymuylid's Antique Weapon Shoppe.
 20963 | D:12     | Noticed Erolcha
 20968 | D:12     | Killed Erolcha
 20992 | D:12     | Found a runed translucent gate.
 20992 | D:12     | Found a runed translucent gate.
 20992 | D:12     | Found a runed translucent gate.
 21002 | D:12     | Noticed Iwoqis's ghost (journeyman MiBe)
 21086 | D:12     | Noticed Jorgrun
 21100 | D:12     | Killed Jorgrun
 21140 | D:12     | Reached skill level 15 in Axes
 21574 | D:12     | Killed Iwoqis's ghost
 22695 | D:11     | You paid a toll of 4 potions of resistance to enter a
                  | treasure trove
 22696 | Trove    | Entered a treasure trove
 22782 | Trove    | Reached skill level 10 in Fighting
 22782 | Trove    | Gained mutation: You have a pair of large horns on your
                  | head. [demonic ancestry]
 22782 | Trove    | Reached XP level 16. HP: 122/122 MP: 27/27
 23894 | D:14     | Found a gate to the Vaults.
 23952 | D:14     | Got Qaozohi's Almanac of Toxins and Darkness
 24155 | D:15     | Entered Level 15 of the Dungeon
 24206 | D:15     | Received a gift from Okawaru
 24610 | D:15     | Reached skill level 16 in Axes
 24623 | D:15     | Found a staircase to the Depths.
 25775 | Depths:1 | Entered Level 1 of the Depths
 25831 | Depths:1 | Noticed a sphinx
 25838 | Depths:1 | Paralysed by a great orb of eyes for 7 turns
 25841 | Depths:1 | Cast into level 2 of the Abyss (a wizard)
 25841 | Abyss:2  | Found a corrupted altar of Lugonu.
 25961 | Abyss:2  | Noticed a Hell Sentinel
 26300 | Depths:1 | Escaped the Abyss
 26323 | Depths:1 | Identified the +3 ring mail of the Several Emperors {rCorr
                  | Str+4} (Okawaru gifted it to you on level 1 of the Depths)
 26323 | Depths:1 | Received a gift from Okawaru
 26842 | Depths:1 | Found Cafir's Antique Weapon Shoppe.
 26882 | Depths:1 | Cast into level 3 of the Abyss (a wizard)
 26949 | Abyss:3  | Noticed a thorn hunter
 27159 | Abyss:3  | Noticed a tentacled starspawn
 27173 | Abyss:3  | Killed a tentacled starspawn
 27257 | Abyss:3  | Noticed a bone dragon
 27288 | Abyss:3  | Killed a bone dragon
 27324 | Abyss:3  | Noticed a tentacled starspawn
 27345 | Abyss:3  | Killed a tentacled starspawn
 27400 | Depths:1 | Escaped the Abyss
 27528 | Depths:1 | Got the Almanac of the Blaze
 27617 | Depths:1 | Reached XP level 17. HP: 84/130 MP: 20/29
 27760 | Depths:1 | Noticed a bone dragon
 27780 | Depths:1 | Killed a bone dragon
 27811 | Depths:1 | Reached skill level 5 in Dodging
 27833 | Depths:1 | Got the Compendium of Stolen Souls
 27930 | Depths:1 | Received a gift from Okawaru
 28027 | Depths:1 | Found a gateway to Hell.
 28200 | Depths:1 | Got Dihycwyps's Catalogue of Contamination
 28402 | Depths:1 | Reached skill level 17 in Axes
 28613 | Depths:1 | Found a one-way gate leading to the halls of Pandemonium.
 28790 | Depths:1 | Paralysed by an air elemental for 1 turns
 28872 | Depths:1 | Got the Grimoire of the Birds
 29002 | Depths:1 | Received a gift from Okawaru
 29041 | Depths:1 | Got the Volume of Moulding
 29236 | D:15     | Learned a level 5 spell: Alistair's Intoxication
 29243 | D:15     | Learned a level 6 spell: Eringya's Noxious Bog
 29247 | D:15     | Learned a level 3 spell: Ignite Poison
 29250 | D:15     | Learned a level 2 spell: Passwall
 29476 | D:7      | Bought a phial of floods for 480 gold pieces
 29476 | D:7      | Bought a wand of acid (2) for 144 gold pieces
 29476 | D:7      | Bought a tin of tremorstones (2/2) for 480 gold pieces
 29545 | D:7      | Killed Soldner's ghost
 30008 | Shoals:1 | Entered Level 1 of the Shoals
 30388 | Shoals:1 | Reached skill level 1 in Poison Magic
 31718 | Shoals:2 | Received a gift from Okawaru
 32230 | Shoals:3 | Noticed Nikola
 32232 | Shoals:3 | Reached XP level 18. HP: 140/140 MP: 26/31
 32380 | Snake:1  | Entered Level 1 of the Snake Pit
 32607 | Elf:1    | Entered Level 1 of the Elven Halls
 33432 | Orc:2    | Killed Soldner's ghost
 33722 | Shoals:2 | Received a gift from Okawaru
 33872 | Arena    | Entered the Arena
 33882 | Arena    | Killed Nikola
 33883 | Arena    | Reached skill level 5 in Shields
 34094 | Shoals:3 | Noticed Mara
 34098 | Shoals:3 | Noticed Icepheonix32's illusion
 34480 | Shoals:3 | Reached skill level 15 in Invocations
 34595 | Arena    | Entered the Arena
 34604 | Arena    | Noticed Icepheonix32's illusion
 34612 | Arena    | Killed Mara
 34882 | Shoals:4 | Entered Level 4 of the Shoals
 34922 | Shoals:4 | Reached skill level 5 in Throwing
 35069 | Shoals:4 | Got a barnacled rune of Zot
 35380 | Vaults:1 | Entered Level 1 of the Vaults
 35459 | Vaults:1 | Cast into level 2 of the Abyss (hell knight)
 35539 | Abyss:2  | Gained mutation: You do not regenerate when monsters are
                  | visible. [a neqoxec]
 35646 | Abyss:2  | Gained mutation: You occasionally shout uncontrollably at
                  | your foes. [a neqoxec]
 35669 | Abyss:2  | Gained mutation: You sometimes lose the ability to read
                  | scrolls when taking damage. [a neqoxec]
 36107 | Abyss:2  | Found a corrupted altar of Lugonu.
 36118 | Vaults:1 | Escaped the Abyss
 36121 | Vaults:1 | Killed from afar by a hell knight

Illustrated notes

Levels and vault maps discovered:
D:1:      dpeg_arrival_water_temple_mockup, layout_loops_ring,
          kennysheep_pointless_box, minmay_misc_feat_pillars
D:2:      layout_basic, basic_altar, serial_shops, shop,
          nicolae_ecumenical_oubliette, st_stairs_11,
          corexii_item_surrounded_by_moat
D:3:      cheibrodos_thug_alley, layout_loops_ring,
          mainiacjoe_overflow_two_lobes, uniq_sigmund
D:4:      layout_cave_pools, nzn_hepliaklqana_mist_gate, portal_sewer_entry_c,
          uniq_crazy_yiuf_cottage, uniq_natasha, uniq_robin
D:5:      layout_cave_pods, nicolae_gozag_zags_fifth_avenue,
          minmay_temple_entry_trees, minmay_crystal_room,
          kb_lookout_dungeons_type
D:6:      layout_loops_ring, tso_oasis_becter, grunt_ministairs_10
D:7:      layout_basic, gammafunk_ghost_necromancy, nicolae_shop_gadgets
D:8:      layout_loops_ring, nicolae_benzene_ring
D:9:      layout_loops_ring
D:10:     layout_cave_pods, nicolae_uskayaw_suspiria, orc_0_dummy,
          minmay_misc_feat_columns, corexii_checkpoint_a
D:11:     layout_roguey, lair_entry_dummy, nicolae_trove_entry_path_of_doom
D:12:     layout_basic, gammafunk_ghost_hydra_chop, uniq_erolcha, uniq_jorgrun,
          uniq_sonja
D:13:     layout_irregular_city
D:14:     layout_stronghold, grunt_vaults_entry_tiered,
          hangedman_decor_diamond_cutter, grunt_decor_arrowhead
D:15:     hangedman_depths_entry_try_elsewhere_first, layout_irregular_city
Lair:1:   layout_chaotic_city, beast_lair_carwin_10, infiniplex_staircase_pool,
          lemuel_fruit_fields, grunt_megastairs_4
Lair:2:   layout_misc_corridors, serial_bayou_lagoon_b, serial_bayou_shore_a,
          grunt_megastairs_3, lemuel_fruit_tree
Lair:3:   layout_loops_ring, minmay_shoals_entry_lonely_mermaid,
          dummy_snake_entry, serial_bayou_lagoon_a
Lair:4:   layout_roguey, grunt_forest_small_clearings, uniq_nessos, uniq_rupert
Lair:5:   beast_lair_carwin_large_3, layout_loops_ring, slime_altar_1,
          serial_forest, infiniplex_forest_clump_double,
          infiniplex_forest_clump_double, infiniplex_forest_join,
          infiniplex_forest_lined_1, infiniplex_forest_end_1,
          infiniplex_forest_straight_3, infiniplex_forest_clump_small,
          infiniplex_forest_straight_4, infiniplex_forest_lined_corner,
          infiniplex_forest_straight_2, minmay_stone_trees_medium
Lair:6:   cheibrodos_lair_end_hotspot, layout_hall_layers, minivault_24
Shoals:1: layout_shoals, nicolae_shoals_wave_tunnel
Shoals:2: cheibrodos_shoals_oceanic_diplomacy, layout_shoals,
          nicolae_shoals_mertower
Shoals:3: layout_shoals, uniq_nikola, uniq_mara
Shoals:4: shoals_end_simple, layout_shoals,
          nicolae_shoals_siren_and_animal_friends
Snake:1:  layout_onion
Orc:1:    layout_caves
Orc:2:    st_orc_pillars, layout_diamond_mine, biasface_ghost_orc_armoury
Elf:1:    layout_onion_city, serial_shops, nicolae_shop_statue_plus, shop,
          nicolae_lakefront_shop, shop, nicolae_diamond_shop, minmay_elf_sorcery
Vaults:1: v_misc_11, grunt_vaults_trifunnel, nicolae_vaults_alarming,
          vaults_dpeg_diagonal, v_rooms_3, ontoclasm_vaults_hangar, v_misc_29,
          nicolae_vaults_mini_display_case, ontoclasm_vaults_tryst,
          hangedman_vaults_corner_blocks, grunt_vaults_focal,
          layout_vaults_ring, uniq_donald
Depths:1: layout_basic, serial_hangedman_research,
          hangedman_research_thanatology, hangedman_research_metamorphosis,
          hangedman_research_pyrotechnics, hangedman_research_toxicology,
          hangedman_research_probablistics, hangedman_research_electronics,
          rand_demon_pan_entry_3, hangedman_abyss_or_decor_stagger, hell_entry,
          serial_shops, shop

Skill      XL: |  1  2  3  4  5  6  7  8  9 10 11 12 13 14 15 16 17 18 |
---------------+-------------------------------------------------------+-----
Long Blades    | 2 3 |  3.0
Armour         | 3 4 5 6 10 11 12 13 14 | 14.7
Shields        | 3 4 5 |  5.0
Dodging        | 1 2 3 4 5 |  5.9
Fighting       | 4 5 6 7 8 10 12 | 12.5
Short Blades   | 1 |  1.3
Invocations    | 3 5 6 7 8 10 11 12 13 14 15 | 15.2
Polearms       | 3 |  3.4
Axes           | 5 8 10 13 14 15 16 17 | 17.8
Throwing       | 1 3 4 5 |  5.0
Evocations     | 3 5 6 |  6.4
Stealth        | 1 2 |  2.9
Transmutations | 4 7 8 |  8.8
Spellcasting   | 2 3 |  3.5
Poison Magic   | 2 3 |  3.9

Action                   |  1- 3 |  4- 6 |  7- 9 | 10-12 | 13-15 | 16-18 || total
-------------------------+-------+-------+-------+-------+-------+-------++-------
Melee: Long sword        |   126 |    66 |       |       |       |       ||   192
       Dagger            |       |    91 |   392 |       |       |       ||   483
       Headbutt          |       |    17 |   110 |   138 |   197 |   486 ||   948
       Trident           |       |       |   146 |       |       |       ||   146
       Mace              |       |       |    76 |       |       |       ||    76
       War axe           |       |       |    41 |   568 |   627 |  1615 ||  2851
       Scimitar          |       |       |    12 |     3 |    14 |     5 ||    34
Throw: Dart              |       |     1 |     7 |    12 |     3 |       ||    23
       Boomerang         |       |       |       |     5 |       |   110 ||   115
       Javelin           |       |       |       |       |       |     1 ||     1
Invok: Heroism           |       |       |     1 |     3 |     4 |    12 ||    20
       Finesse           |       |       |       |       |     1 |     4 ||     5
       Duel              |       |       |       |       |       |     4 ||     4
Evoke: Wand              |       |       |     1 |     1 |       |     7 ||     9
  Use: Potion            |     1 |     4 |     2 |     1 |     3 |    17 ||    28
       Scroll            |       |     1 |     1 |    16 |     7 |     8 ||    33
 Stab: Distracted        |       |       |       |     1 |     4 |     9 ||    14
       Petrifying        |       |       |       |       |       |     1 ||     1
Armor: Scale mail        |    62 |    83 |   230 |    98 |   215 |    47 ||   735
       Chain mail        |       |       |    82 |    49 |       |       ||   131
       Plate armour      |       |       |       |   436 |   287 |  1210 ||  1933
       Fire dragon scale |       |       |       |       |       |   174 ||   174
       Skin              |       |       |       |       |       |     2 ||     2
Dodge: Dodged            |    74 |    84 |   268 |   352 |   346 |   792 ||  1916
Block: Buckler           |    38 |    40 |   134 |    44 |       |       ||   256
       Kite shield       |       |       |       |       |       |    39 ||    39
